 Dungeon Crawl Stone Soup version 0.31.0-32-g396128a36d (webtiles) character file.

Game seed: 16694526187266967696

4802 Henri the Toxicologist (level 10, -1/71 HPs)
             Began as an Octopode Alchemist on Apr 4, 2024.
             Was an Initiate of Gozag.
             Slain by a wraith (13 damage)
             ... on level 8 of the Dungeon.
             The game lasted 00:30:18 (12121 turns).

Henri the Toxicologist (Octopode Alchemist)        Turns: 12121, Time: 00:30:20

Health: -1/71      AC:  1    Str:  8    XL:     10   Next: 48%
Magic:  3/16       EV: 19    Int: 27    God:    Gozag
Gold:   493        SH:  0    Dex: 13    Spells: 3/17 levels left

rFire   . . .        A - staff of cold
rCold   + . .        (no shield)
rNeg    . . .        G - +0 hat
rPois   .            (no amulet)
rElec   .            f - +5 ring of evasion
rCorr   .            j - ring of wizardry
SInv    .            p - +6 ring of intelligence
Will    .....        (no ring)
Stlth   ++++         (no ring)
HPRegen 0.31/turn    (no ring)
MPRegen 0.15/turn    (no ring)
                     (no ring)

%: wizardry (x1)
@: slowed, very slow
A: almost no armour, amphibious, 8 rings, camouflage 1, gelatinous body 1,
(nimble swimmer 1), tentacles
a: Renounce Religion, Potion Petition, Call Merchant, Bribe Branch


You were on level 8 of the Dungeon.
You worshipped Gozag.
Gozag was aware of your devotion.
You visited 2 branches of the dungeon, and saw 10 of its levels.

You collected 663 gold pieces.
You spent 60 gold pieces at shops.
You paid 110 gold pieces to Gozag.

Inventory:

Armour
 G - a +0 hat (worn)
Magical Staves
 A - a staff of cold (weapon)
Jewellery
 f - a +5 ring of evasion (left tentacle)
 j - a ring of wizardry (right tentacle)
 p - a +6 ring of intelligence (on tentacle)
 E - a ring of fire
 I - a ring of fire
Wands
 u - a wand of polymorph (5)
 x - a wand of digging (4)
 C - a wand of flame (43)
Scrolls
 c - a scroll of vulnerability {unknown}
 d - a scroll of acquirement {unknown}
 e - a scroll of enchant armour {unknown}
 i - 2 scrolls of blinking {unknown}
 k - 2 scrolls of noise {unknown}
 l - 9 scrolls of teleportation
 n - 3 scrolls of enchant weapon {unknown}
 o - a scroll of immolation {unknown}
 q - a scroll of fog {unknown}
 w - a scroll of brand weapon {unknown}
 y - a scroll of fear {unknown}
 z - a scroll of amnesia {unknown}
 B - a scroll of summoning {unknown}
 H - a scroll of revelation {unknown}
Potions
 a - a potion of magic
 b - 2 potions of attraction
 g - 3 potions of might
 h - 2 potions of curing
 m - 3 potions of brilliance
 r - 4 potions of degeneration
 s - a potion of enlightenment
 t - a potion of lignification {unknown}
 v - 2 potions of heal wounds
 D - a potion of haste {unknown}
 F - a potion of mutation {unknown}


   Skills:
 + Level 7.1 Fighting
 + Level 1.7 Staves
 - Level 5.0 Dodging
 - Level 5.0 Stealth
 - Level 4.0 Spellcasting
 - Level 1.0 Conjurations
 * Level 12.6 Alchemy


You had 3 spell levels left.
You knew the following spells:

 Your Spells              Type           Power      Damage    Failure   Level
a - Sting                 Conj/Alch      100%       1d9       1%          1
b - Mercury Vapours       Alch/Air       78%        N/A       1%          2
c - Mephitic Cloud        Conj/Alch/Air  29%        N/A       1%          3
d - Olgreb's Toxic Radia  Alch           65%        N/A       1%          4
e - Sticky Flame          Fire/Alch      39%        2d8       2%          4

Your spell library contained the following spells:

 Spells                   Type           Power      Damage    Failure   Level
 Dazzling Flash           Conj/Hex       16%        N/A       8%          3
 Curse of Agony           Necr           5%         N/A       61%         5
 Silence                  Hex/Air        2%         N/A       61%         5


Dungeon Overview and Level Annotations

Branches:
Dungeon (9/15)             Temple (1/1) D:7
   Lair: D:8-11         Orc: D:9-12

Altars:
Ashenzari
Cheibriados
Dithmenos
Elyvilon
Fedhas
Gozag
Hepliaklqana
Kikubaaqudgha
Makhleb
Nemelex Xobeh
Okawaru
Qazlal
Ru
Sif Muna
Trog
Uskayaw
Vehumet
Wu Jian
Xom
Yredelemnul
Zin
The Shining One

Shops:
D:1 *   D:8 =   D:9 !

Annotations:
D:3 3 runed translucent doors, tykejmi's ghost, weakling SpBr
D:8 Maurice
D:9 Harold


Innate Abilities, Weirdness & Mutations

You cannot wear most types of armour.
You are amphibious.
You can wear up to eight rings at the same time.
Your skin changes colour to match your surroundings (Stealth+).
Your rubbery body absorbs attacks. (AC +1, EV +1)
((You are camouflaged when in or above water. (Stealth+)))
You have tentacles for arms and can constrict up to eight enemies at once.


Message History

Aim: a wraith (heavily damaged, unstickable)
The sticky flame hits the wraith but does no damage.
The wraith is heavily damaged.
The wraith completely misses you.
Unknown command.
Okay, then.
Casting: Sticky Flame (dangerous; 2% risk of failure)
Confirm with . or Enter, or press ? or * to list all spells.
Aiming: Sticky Flame (dangerous; 2% risk of failure)
Press: ? - help, Shift-Dir - straight line, f/p - wraith
Aim: a wraith (heavily damaged, unstickable)
The sticky flame hits the wraith!
The wraith is severely damaged.
The wraith completely misses you.
Unknown command.
The wraith attacks as it pursues you! The wraith barely misses you.
Found a potion of curing.
The wraith attacks as it pursues you! The wraith hits you.
The wraith drains your vigour!
You feel yourself slow down.
There is a stone staircase leading up, spattered with blood here.
Unknown command.
The wraith barely misses you. The wraith closely misses you.
You climb upwards.
Level annotation: Maurice
There is a stone staircase leading down here.
Unknown command.
You hit the wraith.
The wraith is severely damaged.
The wraith hits you!
* * * LOW HITPOINT WARNING * * *
The wraith drains your vigour!
You feel as though you will be slow longer.
Unknown command.
The wraith attacks as it pursues you! The wraith hits you!
* * * LOW HITPOINT WARNING * * *
The wraith drains your vigour!
You feel as though you will be slow longer.
The wraith hits you!
You die...
Your body crumbles into a pile of gold.

~~.~†P..# #.....<..#..# #.#
~~~.....####(.#8......## #.#
~≈~~.~...##......#....# ##.#
~≈≈~~♣P......8.<.8#...###.##
~~~~~....#.......###.....##
~~.~~....##..8.∩.8#.###.##
P)..#...####.....#..# ###
....##..# #.8.>W8.##
^..###.## ##.).@..#
.#..#..## #..8..## ###
.#......### #.....## ###.#
..#.###...###......###..##
....# ###........#....###
....# ###....#####..##
....####......#####♣♣♣
.##..##..#...~~~~~~~~♣♣♣
####....###...~~~~~~~~~♣♣♣


You could see a wraith.

Vanquished Creatures
  2 trolls (D:9)
  A hornet (D:8)
  4 yaks (D:8)
  Eustachio (D:5)
  Grum (D:9)
  A steam dragon (D:6)
  3 orc warriors
  2 ice beasts
  2 sky beasts
  A black bear (D:5)
  An ogre (D:4)
  3 wolves (D:9)
  2 kobold brigands (D:8)
  2 bullfrogs
  2 gnoll sergeants
  A scorpion (D:7)
  9 wights
  3 howler monkeys (D:9)
  2 electric eels (D:8)
  2 jellies
  3 bombardier beetles
  4 hounds
  Jessica (D:2)
  3 sleepcaps
  3 iguanas
  An orc wizard (D:6)
  19 gnolls
  20 adders
  A white imp (D:7)
  4 ufetubi
  6 ribbon worms
  4 dart slugs
  12 orcs
  11 endoplasms
  9 giant cockroaches
  6 hobgoblins
  6 jackals
  19 kobolds
  6 quokkas
  13 ball pythons
  10 bats
  2 frilled lizards
  15 goblins
  4 rats
227 creatures vanquished.

Notes
Turn   | Place    | Note
-------+----------+-------------------------------------------
     0 | D:1      | Henri the Octopode Alchemist began the quest for the Orb.
     0 | D:1      | Reached XP level 1. HP: 11/11 MP: 3/3
   277 | D:1      | Reached XP level 2. HP: 17/17 MP: 0/5
   352 | D:1      | Reached skill level 4 in Alchemy
   378 | D:1      | Learned a level 2 spell: Mercury Vapours
   663 | D:1      | Reached XP level 3. HP: 21/21 MP: 2/6
   972 | D:1      | Found Uminint's General Store.
   978 | D:1      | Bought a scroll of identify for 24 gold pieces
   978 | D:1      | Bought a potion of curing for 36 gold pieces
  1394 | D:2      | Noticed Jessica
  1402 | D:2      | Reached skill level 5 in Alchemy
  1403 | D:2      | Killed Jessica
  1404 | D:2      | Reached XP level 4. HP: 16/27 MP: 1/7
  1607 | D:2      | Found a faded altar of an unknown god.
  1688 | D:2      | Found a radiant altar of Vehumet.
  1932 | D:2      | Reached skill level 6 in Alchemy
  1958 | D:2      | Reached XP level 5. HP: 31/31 MP: 6/8
  1998 | D:2      | Learned a level 3 spell: Mephitic Cloud
  2841 | D:3      | Noticed tykejmi's ghost (weakling SpBr)
  2841 | D:3      | Noticed a kobold brigand
  2841 | D:3      | Found a runed translucent gate.
  2841 | D:3      | Found a runed translucent gate.
  2841 | D:3      | Found a runed translucent gate.
  3330 | D:3      | Reached skill level 1 in Fighting
  3786 | D:3      | Reached XP level 6. HP: 38/38 MP: 6/9
  4621 | D:4      | Reached skill level 7 in Alchemy
  4755 | D:4      | Learned a level 4 spell: Olgreb's Toxic Radiance
  4924 | D:4      | Reached XP level 7. HP: 45/45 MP: 6/11
  5975 | D:5      | Entered Level 5 of the Dungeon
  5996 | D:5      | Noticed Eustachio
  6007 | D:5      | Killed Eustachio
  6008 | D:5      | Reached skill level 8 in Alchemy
  6457 | D:5      | Reached XP level 8. HP: 52/52 MP: 11/13
  6570 | D:5      | Identified the +0 robe "Vacvot" {Dex+5}
  6807 | D:5      | Learned a level 4 spell: Sticky Flame
  7087 | D:6      | Reached skill level 9 in Alchemy
  7847 | D:6      | Reached skill level 5 in Stealth
  7905 | D:6      | Reached XP level 9. HP: 60/60 MP: 10/15
  8044 | D:7      | Reached skill level 10 in Alchemy
  8128 | D:7      | Reached skill level 5 in Fighting
  8559 | D:7      | Found an opulent altar of Gozag.
  8562 | D:7      | Found a basalt altar of Yredelemnul.
  8899 | D:7      | Found an ancient bone altar of Kikubaaqudgha.
  8901 | D:7      | Found a bloodstained altar of Trog.
  9129 | D:7      | Found a staircase to the Ecumenical Temple.
  9135 | Temple   | Entered the Ecumenical Temple
  9258 | D:8      | Found Ugeq Wee's Jewellery Boutique.
  9488 | D:7      | Became a worshipper of Gozag Ym Sagoz the Greedy
  9844 | D:8      | Reached skill level 11 in Alchemy
 10090 | D:8      | Noticed a hornet
 10093 | D:8      | Killed a hornet
 10441 | D:8      | Noticed Maurice
 10593 | D:8      | Reached XP level 10. HP: 69/69 MP: 5/16
 10667 | D:8      | Reached skill level 12 in Alchemy
 11532 | D:9      | Noticed Harold
 11592 | D:9      | Reached skill level 5 in Dodging
 11870 | D:9      | Found Bullid's Distillery.
 11924 | D:9      | Reached skill level 1 in Staves
 12046 | D:9      | Noticed Grum
 12060 | D:9      | Killed Grum
 12121 | D:8      | Slain by a wraith

Illustrated notes

Levels and vault maps discovered:
D:1:      psy_arrival_radial01, layout_basic, serial_shops,
          nicolae_shop_pleasant_corner_grove
D:2:      layout_loops_ring, ebering_ecumenical_altar_webs, basic_altar,
          minmay_puff, uniq_jessica
D:3:      minmay_general_purpose_star, layout_loops_ring,
          gammafunk_ghost_nasty_kobolds, serial_bayou_pond_e,
          minmay_snake_closets
D:4:      layout_basic, nicolae_half_adder
D:5:      layout_cave_pools, uniq_eustachio
D:6:      layout_rooms
D:7:      layout_basic, nicolae_overflow_hidden_temple,
          minmay_temple_entry_enclosed_plants, chequers_serial_rivers_micro_c
D:8:      layout_layer_cave, serial_shops, nicolae_stop_n_shop_2, serial_bayou,
          serial_bayou_pond_b, serial_bayou_ford_a, serial_bayou_pond_c,
          serial_bayou_shore_a, nicolae_twisty_statue_hallways, uniq_maurice
D:9:      layout_rooms, serial_shops, shop, uniq_grum, uniq_harold
Temple:   eino_narrow_crystal_temple

Skill      XL: |  1  2  3  4  5  6  7  8  9 10 |
---------------+-------------------------------+-----
Alchemy        | 4 5 6 7 8 9 11 12 | 12.6
Fighting       | 1 2 3 4 6 7 |  7.1
Spellcasting   | 3 4 |  4.0
Stealth        | 5 |  5.0
Dodging        | 4 5 |  5.0
Staves         | 1 |  1.7
Conjurations   | |  1.0

Action                     |  1- 3 |  4- 6 |  7- 9 | 10-12 || total
---------------------------+-------+-------+-------+-------++-------
  Melee: Unarmed           |    15 |    36 |    26 |       ||    77
         Constrict         |     4 |    10 |    12 |     3 ||    29
         Tentacles         |     3 |     7 |    13 |    10 ||    33
         Punch             |       |     2 |     1 |     1 ||     4
         Staff             |       |       |    20 |    22 ||    42
   Cast: Sting             |    52 |   141 |    43 |    18 ||   254
         Olgreb's Toxic Ra |       |     2 |    72 |    20 ||    94
         Mephitic Cloud    |       |     1 |     4 |     2 ||     7
         Mercury Vapours   |       |       |     2 |       ||     2
         Sticky Flame      |       |       |    12 |     5 ||    17
    Use: Scroll            |     1 |     4 |     1 |     2 ||     8
   Stab: Sleeping          |     1 |       |       |       ||     1
         Confused          |       |       |       |     1 ||     1
 Armour: Skin              |    10 |    25 |    19 |    21 ||    75
  Dodge: Dodged            |    21 |    44 |    59 |    42 ||   166
